 Dungeon Crawl Stone Soup version 0.27-a0-1060-gcb85b5eba1 (webtiles) character file.

Game seed: 2203868733219932706

7469 tilp the Slicer (level 11, -5/58 HPs)
             Began as a Vine Stalker Brigand on Apr 21, 2021.
             Was a Believer of Uskayaw.
             Slain by a boulder beetle (38 damage)
             ... on level 9 of the Dungeon.
             The game lasted 00:20:33 (8927 turns).

tilp the Slicer (Vine Stalker Brigand)              Turns: 8927, Time: 00:20:34

Health: -5/58      AC: 17    Str: 13    XL:     11   Next: 15%
Magic:  0/18       EV:  7    Int: 11    God:    Uskayaw [**....]
Gold:   66         SH:  0    Dex: 20    Spells: 10/10 levels left

rFire    . . .     SeeInvis .   a - +3 dagger
rCold    . . .     Faith    +   (no shield)
rNeg     . . .     Spirit   +   j - +0 chain mail
rPois    +         Reflect  .   n - +1 helmet
rElec    .         Harm     .   z - +2 cloak
rCorr    .         Rampage  .   (no gloves)
Will     +....                  (no boots)
Stlth    ..........             C - amulet of faith
HPRegen  1.19/turn              o - ring of poison resistance
MPRegen  0.16/turn              B - +4 ring of protection

@: no status effects
A: fangs 3, regeneration 1, magic shield, antimagic bite, no potion heal 2
a: Renounce Religion, Stomp, Line Pass


You were on level 9 of the Dungeon.
You worshipped Uskayaw.
Uskayaw was aware of your devotion.
You visited 2 branches of the dungeon, and saw 10 of its levels.

You collected 546 gold pieces.
You spent 480 gold pieces at shops.

Inventory:

Hand Weapons
 a - a +3 dagger (weapon)
 c - a +1 dagger of speed
 g - a +0 vampiric dagger
 l - a +4 scimitar
Missiles
 e - a curare-tipped dart {!f}
 i - 11 boomerangs (quivered)
 k - 3 throwing nets {!f}
Armour
 h - a scarf of shadows
 j - a +0 chain mail (worn)
 n - a +1 helmet (worn)
 q - a scarf of invisibility
 z - a +2 cloak (worn)
Jewellery
 o - a ring of poison resistance (left hand)
 u - a +6 ring of dexterity
 x - an amulet of regeneration
 B - a +4 ring of protection (right hand)
 C - an amulet of faith (around neck)
Wands
 d - a wand of polymorph (14)
 f - a wand of iceblast (6)
 y - a wand of acid (3)
 E - a wand of mindburst (10)
Scrolls
 m - 8 scrolls of teleportation
 p - 2 scrolls of enchant weapon
 w - a scroll of fear
 F - 2 scrolls of identify
 G - a scroll of vulnerability {unknown}
 H - a scroll of magic mapping {unknown}
Potions
 b - a potion of invisibility
 r - a potion of magic
 s - 4 potions of might
 t - a potion of ambrosia
 v - 7 potions of curing
 D - 3 potions of lignification


   Skills:
 + Level 6.7 Fighting
 - Level 10.0 Short Blades
 - Level 1.7 Throwing
 + Level 3.4 Dodging
 - Level 6.0 Stealth
 + Level 8.7 Invocations
 - Level 4.0 Evocations


You had 10 spell levels left.
You didn't know any spells.
Your spell library was empty.

Dungeon Overview and Level Annotations

Branches:
Dungeon (9/15)             Temple (1/1) D:5            Lair (0/6) D:8
    Orc: D:9-12

Altars:
Ashenzari
Cheibriados
Dithmenos
Elyvilon
Fedhas
Gozag
Hepliaklqana
Kikubaaqudgha
Makhleb
Nemelex Xobeh
Okawaru
Qazlal
Ru
Sif Muna
Trog
Uskayaw
Vehumet
Wu Jian
Xom
Yredelemnul
Zin
The Shining One

Shops:
D:3 =   D:5 [   D:8 =


Innate Abilities, Weirdness & Mutations

You have razor-sharp teeth.
Your natural rate of healing is unusually fast.
When hurt, damage is shared between your health and your magic reserves.
Your bite disrupts and absorbs the magic of your enemies.
Potions cannot restore your health.


Message History

You can no longer pass through a line of other dancers.
A two-headed ogre is nearby!
Unknown command.
Okay, then.
Okay, then.
The two-headed ogre shouts in stereo!
Throw: 4 throwing nets {!f}
Press: ? - help, Shift-Dir - straight line, f - two-headed ogre
Aim: a two-headed ogre, wielding a +0 giant club and a +0 dire flail (77% to hit)
You throw a throwing net {!f}.
The throwing net {!f} hits the two-headed ogre.
The two-headed ogre is caught in the net!
The two-headed ogre struggles against the net.
The two-headed ogre struggles against the net.
The two-headed ogre struggles against the net.
The two-headed ogre struggles against the net.
You hit the two-headed ogre. You bite the two-headed ogre. You drain its power.
The two-headed ogre is lightly wounded.
The two-headed ogre struggles against the net.
The net rips apart, and the two-headed ogre comes free!
You hit the two-headed ogre but do no damage.
You bite the two-headed ogre, but do no damage.
The two-headed ogre is lightly wounded.
Unknown command.
Aiming: Mindburst
Press: ? - help, Shift-Dir - straight line, f/p - two-headed ogre
Aim: a two-headed ogre, wielding a +0 giant club and a +0 dire flail (lightly wounded, chance to affect: 66%)
The two-headed ogre's mind is blasted!!
The two-headed ogre hits you with a +0 giant club!!
The two-headed ogre hits you but does no damage.
You can now pass through a line of other dancers.
Unknown command.
The boulder beetle curls into a ball and begins rolling!
You see here a +0 club.
There is a stone staircase leading up here.
The two-headed ogre hits you with a +0 giant club!
The two-headed ogre hits you with a +0 dire flail!
The boulder beetle hits you!!!
Ouch! That really hurt!
You die...

♣...... ....# .......##......
....... ........#...... .......
......#...............
.(.......... .............###
#)).......# .............#..
##(## ##..# ................
#...###...##.##............. ..#
##.....#..#.@................
..#.#.........#BO................
....##.....○.○#.○................
#....(....°°°°................. .
#............[..............##.
..#...........................#..
..?.....####..................##.
....>...####.........###...#.###.
.....#.................#..##..##.


You could see a boulder beetle (rolling) and a two-headed ogre.

Vanquished Creatures
  Harold (D:7)
  Pikel (D:6)
  Grinder (D:6)
  A hornet (D:9)
  6 yaks
  2 wyverns (D:9)
  A steam dragon (D:8)
  Duvessa (D:6)
  A water moccasin (D:7)
  A hornet zombie (D:7)
  2 black bears
  2 ice beasts
  2 orc warriors
  3 sky beasts
  4 necrophages
  6 ogres
  3 centaurs
  3 lemures (D:6)
  2 phantoms
  A kobold brigand (D:9)
  2 bullfrogs
  2 wyvern zombies
  3 scorpions
  Dowan (D:6)
  A water moccasin zombie (D:5)
  A water moccasin skeleton (D:4)
  7 wights (D:7)
  4 killer bees (D:9)
  3 howler monkeys (D:8)
  7 centaur zombies
  2 hounds (D:4)
  A jelly (D:5)
  A centaur skeleton (D:6)
  5 orc priests
  Crazy Yiuf (D:5)
  4 iguanas
  Terence (D:2)
  5 orc wizards
  A hound zombie (D:5)
  2 howler monkey zombies (D:7)
  Robin (D:2)
  8 gnolls
  5 adders
  4 dart slugs
  30 orcs
  7 endoplasms
  5 giant cockroaches
  14 goblins
  5 hobgoblins
  8 jackals
  6 kobolds
  5 quokkas
  7 ball pythons
  7 bats
  5 frilled lizards
  5 rats
220 creatures vanquished.

Vanquished Creatures (others)
  A bush (D:7)
  8 plants
  3 withered plants (D:7)
12 creatures vanquished.

Grand Total: 232 creatures vanquished

Notes
Turn   | Place    | Note
-------+----------+-------------------------------------------
     0 | D:1      | tilp the Vine Stalker Brigand began the quest for the Orb.
     0 | D:1      | Reached XP level 1. HP: 11/11 MP: 2/2
    68 | D:1      | Reached skill level 2 in Short Blades
   160 | D:1      | Reached XP level 2. HP: 15/15 MP: 3/3
   602 | D:1      | Reached XP level 3. HP: 12/19 MP: 2/4
  1484 | D:2      | Gained mutation: Your natural rate of healing is unusually
                  | fast. [Vine Stalker growth]
  1484 | D:2      | Reached XP level 4. HP: 21/23 MP: 5/5
  1685 | D:2      | Reached skill level 3 in Short Blades
  2016 | D:2      | Noticed Terence
  2024 | D:2      | Killed Terence
  2074 | D:2      | Reached XP level 5. HP: 28/28 MP: 6/6
  2190 | D:2      | Noticed Robin
  2218 | D:2      | Killed Robin
  2424 | D:3      | Found Sunguyzi's Jewellery Shop.
  2759 | D:3      | Reached skill level 4 in Short Blades
  2790 | D:3      | Reached skill level 1 in Dodging
  2790 | D:3      | Reached skill level 5 in Stealth
  2790 | D:3      | Reached XP level 6. HP: 32/33 MP: 7/7
  3486 | D:4      | Noticed a yak
  3517 | D:4      | Killed a yak
  3518 | D:4      | Reached XP level 7. HP: 22/37 MP: 5/8
  3566 | D:4      | Reached skill level 5 in Short Blades
  3832 | D:4      | Noticed a yak
  3832 | D:4      | Noticed a yak
  3849 | D:4      | Reached skill level 6 in Short Blades
  3851 | D:4      | Noticed a yak
  3852 | D:4      | Noticed a yak
  3859 | D:4      | Noticed a yak
  3868 | D:4      | Killed a yak
  3869 | D:4      | Gained mutation: You have razor-sharp teeth. [Vine Stalker
                  | growth]
  3869 | D:4      | Reached XP level 8. HP: 18/42 MP: 6/9
  3897 | D:3      | Killed a yak
  3898 | D:3      | Reached skill level 7 in Short Blades
  3991 | D:4      | Killed a yak
  4002 | D:4      | Killed a yak
  4003 | D:4      | Reached skill level 8 in Short Blades
  4061 | D:4      | Killed a yak
  4516 | D:5      | Entered Level 5 of the Dungeon
  4536 | D:5      | Noticed Ijyb
  4877 | D:5      | Reached XP level 9. HP: 26/46 MP: 6/10
  4931 | D:5      | Reached skill level 9 in Short Blades
  4963 | D:5      | Reached skill level 5 in Fighting
  4979 | D:5      | Found a staircase to the Ecumenical Temple.
  5001 | Temple   | Entered the Ecumenical Temple
  5099 | Temple   | Became a worshipper of Uskayaw the Reveller
  5176 | D:5      | Found a runed translucent door.
  5177 | D:5      | Noticed Crazy Yiuf
  5224 | D:5      | Found Jeli's Armour Emporium.
  5298 | D:5      | Reached * piety under Uskayaw
  5301 | D:5      | Reached ** piety under Uskayaw
  5305 | D:5      | Noticed Ijyb
  5305 | D:5      | Ijyb changed into Ijyb the jelly
  5311 | D:5      | Killed Ijyb the jelly
  5536 | D:5      | Killed Crazy Yiuf
  5738 | D:6      | Noticed Duvessa
  5738 | D:6      | Noticed Dowan
  5751 | D:6      | Killed Duvessa
  5754 | D:6      | Reached *** piety under Uskayaw
  5755 | D:6      | Killed Dowan
  5816 | D:6      | Noticed Grinder
  5817 | D:6      | Paralysed by Grinder for 3 turns
  5824 | D:6      | Reached **** piety under Uskayaw
  5828 | D:6      | Killed Grinder
  5829 | D:6      | Reached skill level 10 in Short Blades
  5829 | D:6      | Reached skill level 1 in Invocations
  5829 | D:6      | Reached skill level 1 in Evocations
  6090 | D:6      | Noticed Pikel
  6155 | D:6      | Killed Pikel
  6156 | D:6      | Reached XP level 10. HP: 51/53 MP: 13/13
  6703 | D:7      | Reached skill level 5 in Invocations
  6833 | D:7      | Found a blossoming altar of Fedhas.
  6879 | D:7      | Noticed Harold
  6886 | D:7      | Killed Harold
  7514 | D:3      | Bought an amulet of faith for 480 gold pieces
  7818 | D:8      | Found Qiuco's Jewellery Emporium.
  7974 | D:8      | Found a staircase to the Lair.
  8356 | D:9      | Reached XP level 11. HP: 57/57 MP: 18/18
  8753 | D:9      | Noticed a boulder beetle
  8771 | D:9      | Noticed a two-headed ogre
  8927 | D:9      | Slain by a boulder beetle

Illustrated notes

Levels and vault maps discovered:
D:1:      minmay_arrival_cross, layout_loops_ring, hex_medium,
          minmay_misc_feat_iff
D:2:      layout_basic, serial_bayou, serial_bayou_lagoon_a,
          serial_bayou_pond_c, serial_bayou_shore_b, serial_bayou_ford_a,
          dk_noncrumbling_4, uniq_robin, uniq_terence
D:3:      layout_loops_cross, serial_shops, shop, dk_noncrumbling_3
D:4:      layout_loops_cross, ebering_dispersal_statue_hall
D:5:      layout_gridville, minmay_temple_entry_hall, serial_shops,
          nicolae_shop_crystal, grunt_ministairs_12, uniq_ijyb,
          uniq_crazy_yiuf_cottage
D:6:      layout_cave_pools, minmay_misc_feat_x, uniq_pikel, uniq_grinder,
          uniq_duvessa
D:7:      layout_cave_pools, fedhas_bush_and_centaur_altar, serial_undead,
          serial_undead_f, serial_undead_d, serial_undead_c, serial_undead_b,
          uniq_harold
D:8:      layout_loops_cross, lair_entry_dummy, serial_shops,
          nicolae_shop_statue_plus, amcnicky_mini_corridor_feature, minmay_holes
D:9:      layout_cave_pools, minmay_misc_feat_plants, serial_bayou_pond_b
Temple:   compressed_dpeg_circular_temple

Skill      XL: |  1  2  3  4  5  6  7  8  9 10 11 |
---------------+----------------------------------+-----
Fighting       | 2 3 4 6 |  6.7
Short Blades   | 2 3 4 6 8 10 | 10.0
Dodging        | 1 2 3 |  3.4
Stealth        | 5 6 |  6.0
Invocations    | 3 8 |  8.7
Evocations     | 3 4 |  4.0
Throwing       | |  1.7

Action                   |  1- 3 |  4- 6 |  7- 9 | 10-12 || total
-------------------------+-------+-------+-------+-------++-------
Melee: Dagger            |   126 |   203 |   442 |   417 ||  1188
       Bite              |    26 |    62 |   210 |   177 ||   475
Throw: Dart              |       |    33 |    11 |     4 ||    48
       Throwing net      |       |       |       |     2 ||     2
Evoke: Wand              |       |       |     9 |     1 ||    10
  Use: Scroll            |     4 |     4 |     1 |     8 ||    17
       Potion            |       |       |     2 |       ||     2
 Stab: Sleeping          |     3 |       |       |       ||     3
       Paralysed         |       |       |     3 |    17 ||    20
       Held in net/web   |       |       |       |     2 ||     2
Armor: Robe              |     3 |       |       |       ||     3
       Chain mail        |    80 |    96 |   134 |   193 ||   503
Dodge: Dodged            |    34 |    34 |    67 |    75 ||   210

Table legend: (Time is in decaauts)
 A = Elapsed time spent in this place.
 B = Non-inter-level travel time spent in this place.
 C = Inter-level travel time spent in this place.
 D = Time resting spent in this place.
 E = Time spent auto-exploring this place.
 F = Levels seen in this place.
 G = Mean time per level.
                   A        B        C        D        E       F      G
               +--------+--------+--------+--------+--------+-----+--------+
         Total |   8489 |   7900 |    589 |    572 |   5574 |  10 |  848.9 |
       Dungeon |   8357 |   7801 |    556 |    572 |   5482 |   9 |  928.6 |
        Temple |    131 |     98 |     33 |      0 |     92 |   1 |  131.0 |
               +--------+--------+--------+--------+--------+-----+--------+

Top non-repeatable levels by time:
     D:4: 1343 daAuts
     D:1: 1307 daAuts
     D:2: 1063 daAuts
     D:3: 965 daAuts
     D:5: 849 daAuts
     D:7: 835 daAuts
     D:6: 801 daAuts
     D:8: 739 daAuts
     D:9: 451 daAuts
  Temple: 131 daAuts
